 Dungeon Crawl Stone Soup version 0.29.1-1-gd02db6906a (webtiles) character file.

Game seed: 12519694224646444598

4211 Icepheonix32 the Zephyrmancer (level 10, -2/56 HPs)
             Began as a Tengu Air Elementalist on Sept 25, 2022.
             Was a Priest of Vehumet.
             Slain by a troll (10 damage)
             ... on level 8 of the Dungeon on Sept 26, 2022.
             The game lasted 00:15:04 (8331 turns).

Icepheonix32 the Zephyrmancer (TeAE)                Turns: 8331, Time: 00:15:05

Health: -2/56      AC:  6    Str:  9    XL:     10   Next: 29%
Magic:  10/18      EV: 14    Int: 29    God:    Vehumet [***...]
Gold:   177        SH:  0    Dex: 15    Spells: 3/18 levels left

rFire   + + .      SeeInvis .   c - +6 sling of Kaufea {speed, Int+4}
rCold   . . .      Faith    .   (no shield)
rNeg    . . .      Spirit   .   R - +3 leather armour {rF+}
rPois   .          Reflect  .   (helmet restricted)
rElec   .          Harm     .   (no cloak)
rCorr   .          Rampage  .   (no gloves)
Will    .....                   (boots unavailable)
Stlth   ++........              x - amulet of regeneration
HPRegen 0.98/turn               r - ring of protection from fire
MPRegen 0.16/turn               h - +6 ring of intelligence

@: flying quickly and evasively, quick
A: beak, talons 3, nimble flight
a: Renounce Religion


You were on level 8 of the Dungeon.
You worshipped Vehumet.
Vehumet was most pleased with you.
You visited 1 branch of the dungeon, and saw 8 of its levels.
You also visited: Sewer.

You collected 399 gold pieces.
You spent 222 gold pieces at shops.

Inventory:

Hand Weapons
 c - the +6 sling of Kaufea (weapon) {speed, Int+4}
   (You found it on level 3 of the Dungeon)

   Attacks with this weapon are significantly faster.
   Int:       It affects your intelligence (+4).
 p - a +2 whip of freezing
 z - a +1 vampiric dagger
 D - a +4 flail
 K - a +1 short sword of protection
 M - a +5 war axe
 N - a +4 glaive of freezing
Armour
 q - a +2 robe of positive energy
 L - a +3 ring mail of willpower
 Q - a +2 robe of cold resistance
 R - a +3 leather armour of fire resistance (worn)
Magical Staves
 k - a staff of cold
Jewellery
 h - a +6 ring of intelligence (right hand)
 r - a ring of protection from fire (left hand)
 x - an amulet of regeneration (around neck)
 G - a ring of resist corrosion
Wands
 i - a wand of paralysis (21)
 y - a wand of roots (9)
 O - a wand of flame (25)
Scrolls
 a - 3 scrolls of identify
 d - a scroll of enchant weapon
 f - a scroll of blinking
 l - 2 scrolls of teleportation
 s - 6 scrolls of amnesia
 w - a scroll of magic mapping
 C - 3 scrolls of immolation
 E - 5 scrolls of butterflies
 F - a scroll of silence
 J - a scroll of fear
 P - a scroll of enchant armour
Potions
 b - 4 potions of magic
 e - 2 potions of resistance
 g - 2 potions of attraction {unknown}
 j - a potion of invisibility
 n - 3 potions of lignification
 t - 8 potions of flight
 u - 6 potions of curing
 v - 3 potions of brilliance {unknown}
 I - a potion of might


   Skills:
 + Level 3.7 Fighting
 + Level 0.1 Maces & Flails
 + Level 8.2 Ranged Weapons
 + Level 1.1 Armour
 + Level 2.9 Dodging
 + Level 2.4 Stealth
 + Level 4.7 Spellcasting
 * Level 8.0 Conjurations
 * Level 5.1 Ice Magic
 * Level 9.3 Air Magic


You had 3 spell levels left.
You knew the following spells:

 Your Spells              Type           Power      Damage    Failure   Level
a - Shock                 Conj/Air       100%       1d9       1%          1
b - Static Discharge      Conj/Air       54%        3-10/arc  1%          2
c - Airstrike             Air            28%        2d(5-21)  1%          4
d - Freeze                Ice            100%       1d11      1%          1
e - Hailstorm             Conj/Ice       45%        3d10      1%          4
f - Swiftness             Air            57%        N/A       1%          3

Your spell library contained the following spells:

 Spells                   Type           Power      Damage    Failure   Level
 Frozen Ramparts          Ice            72%        1d11      1%          3
 Magic Dart               Conj           100%       1d8       1%          1
 Conjure Flame            Conj/Fire      30%        6-21      1%          3
 Mephitic Cloud           Conj/Pois/Air  40%        N/A       1%          3
 Ignite Poison            Fire/Tmut/Pois 6%         N/A       7%          3
 Beastly Appendage        Tmut           12%        N/A       9%          1
 Call Imp                 Summ           6%         N/A       13%         2
 Wereblood                Tmut           6%         N/A       13%         2
 Gell's Gravitas          Tloc           6%         N/A       26%         3
 Portal Projectile        Hex/Tloc       12%        N/A       26%         3
 Spider Form              Tmut/Pois      6%         N/A       26%         3
 Teleport Other           Tloc           6%         N/A       26%         3
 Tukima's Dance           Hex            6%         N/A       26%         3
 Sticky Flame             Conj/Fire      30%        2d5       4%          4
 Irradiate                Conj/Tmut      15%        3d16      13%         5
 Yara's Violent Unravell  Hex/Tmut       3%         3d4       50%         5
 Blade Hands              Tmut           3%         N/A       94%         5
 Dispersal                Tloc           3%         N/A       100%        6
 Dragon Form              Tmut           3%         N/A       100%        7


Dungeon Overview and Level Annotations

Branches:
Dungeon (8/15)             Temple (0/1) D:4           Sewer (visited)
   Lair: D:8-11

Altars:
Qazlal
Ru
Vehumet
The Shining One

Shops:
D:3 [

Annotations:
D:4 1 runed translucent door


Innate Abilities, Weirdness & Mutations

You have a beak for a mouth.
You have claws for feet.
Your magical nature lets you fly swiftly and evasively.


Message History

The troll is heavily wounded.
The zap hits the gargoyle but does no damage.
The gargoyle is lightly damaged.
The gargoyle hits you with a +0 flail!
Unknown command.
Casting: Shock (safe; 1% risk of failure)
Confirm with . or Enter, or press ? or * to list all spells.
The air crackles with electrical energy.
The gargoyle hits you with a +0 flail.
Unknown command.
Unknown command.
Casting: Static Discharge (safe; 1% risk of failure)
Confirm with . or Enter, or press ? or * to list all spells.
The troll is struck by an arc of lightning!
The troll is moderately wounded.
The troll is struck by an arc of lightning!
The troll is severely wounded.
The troll is struck by an arc of lightning!
The troll is severely wounded.
You are struck by an arc of lightning.
The lightning grounds out.
The troll misses you. The troll barely misses you.
The troll completely misses you. The gargoyle hits you with a +0 flail!
Unknown command.
Casting: Static Discharge (safe; 1% risk of failure)
Confirm with . or Enter, or press ? or * to list all spells.
The troll is struck by an arc of lightning.
The troll is severely wounded.
You are struck by an arc of lightning.
The troll is struck by an arc of lightning!
The troll is almost dead.
You are struck by an arc of lightning.
* * * LOW HITPOINT WARNING * * *
The troll is struck by an arc of lightning!
The troll is almost dead.
The troll misses you.
The troll barely misses you. x2; The troll bites you.
* * * LOW HITPOINT WARNING * * *
The troll claws you.
* * * LOW HITPOINT WARNING * * *
The troll claws you!
You die...

##...#..#.#..........#
####..#####.#.##.###...##
#..#.#....#††#...........
#..##.#..##.##..†###(##.....
#..........#####...........#
#..#######.#.#.#.###+###...#
#..#P...P#.#[.##.# #..#.
#..#.###.#T#...#.# #....
#..# +/#.'9@#.#..# #....
#..#.###.#T##..#.# #.##.
#..#P.. #.##.#..# #.##.
#..#######..#.##.#######....
#...........................
#..#########.....##.........
##.### ##..#......[.....
#...### ####)...###.......
###...####........##.......


You could see 2 trolls and a gargoyle.

Vanquished Creatures
  Maggie (D:6)
  A hornet (D:8)
  The ghost of warriortoast the Conjurer, an amateur DECj (D:4)
  3 yaks (D:8)
  Eustachio (D:6)
  Menkaure (D:6)
  2 water moccasins
  Duvessa (D:7)
  2 black bears
  An ice beast (D:5)
  An ogre (D:7)
  A centaur (D:8)
  A phantom (D:5)
  A kobold brigand (D:8)
  A bullfrog (D:8)
  A gnoll sergeant (D:8)
  2 scorpions
  A necrophage (D:7)
  5 wights (D:7)
  Dowan (D:7)
  12 killer bees (D:8)
  A howler monkey (D:6)
  3 hounds
  6 jellies
  Jessica (D:3)
  2 orc wizards
  2 iguanas
  10 gnolls
  5 river rats
  16 adders
  2 shadow imps (D:5)
  A white imp (D:6)
  7 worms
  2 dart slugs
  13 orcs
  5 endoplasms
  7 giant cockroaches
  5 goblins
  5 hobgoblins
  9 jackals
  4 quokkas
  14 ball pythons
  14 bats
  11 kobolds
  8 rats
194 creatures vanquished.

Vanquished Creatures (others)
  A plant (D:8)
1 creature vanquished.

Grand Total: 195 creatures vanquished

Notes
Turn   | Place    | Note
-------+----------+-------------------------------------------
     0 | D:1      | Icepheonix32 the Tengu Air Elementalist began the quest for
                  | the Orb.
     0 | D:1      | Reached XP level 1. HP: 10/10 MP: 4/4
   237 | D:1      | Reached XP level 2. HP: 15/15 MP: 1/6
   291 | D:1      | Found a faded altar of an unknown god.
  1215 | D:2      | Reached XP level 3. HP: 19/19 MP: 3/7
  1498 | D:2      | Reached skill level 5 in Air Magic
  1645 | D:2      | Reached XP level 4. HP: 24/24 MP: 5/8
  1750 | D:2      | Found a radiant altar of Vehumet.
  1794 | D:2      | Got the Spellbook of Shivering Enchantment
  1814 | D:2      | Became a worshipper of Vehumet
  1818 | D:2      | Learned a level 2 spell: Static Discharge
  1823 | D:2      | Learned a level 4 spell: Airstrike
  2478 | D:3      | Found Bomaurued's Antique Armour Emporium.
  2503 | D:3      | Bought a glowing robe for 66 gold pieces
  2602 | D:3      | Gained mutation: Your magical nature lets you fly swiftly
                  | and evasively. [Tengu growth]
  2602 | D:3      | Reached XP level 5. HP: 28/28 MP: 6/9
  2693 | D:3      | Reached skill level 1 in Ice Magic
  2998 | D:3      | Noticed Jessica
  3000 | D:3      | Killed Jessica
  3001 | D:3      | Reached skill level 6 in Air Magic
  3121 | D:3      | Identified the +6 sling of Kaufea {speed, Int+4}
  3280 | D:4      | Reached * piety under Vehumet
  3280 | D:4      | Offered knowledge of Freeze by Vehumet.
  3287 | D:4      | Learned a level 1 spell: Freeze
  3407 | D:4      | Found a staircase to the Ecumenical Temple.
  3573 | D:4      | Found a glowing golden altar of the Shining One.
  3574 | D:4      | Found a sacrificial altar of Ru.
  3687 | D:4      | Found a runed translucent door.
  3688 | D:4      | Noticed warriortoast's ghost (amateur DECj)
  3927 | D:4      | Found a runed translucent door.
  4256 | D:5      | Entered Level 5 of the Dungeon
  4263 | D:5      | Reached XP level 6. HP: 31/32 MP: 9/11
  4410 | D:5      | Found a glowing drain.
  4420 | Sewer    | Entered a sewer
  4442 | Sewer    | Reached skill level 1 in Ranged Weapons
  4577 | Sewer    | Reached skill level 1 in Fighting
  4652 | Sewer    | Offered knowledge of Sandblast by Vehumet.
  4682 | Sewer    | Reached ** piety under Vehumet
  5047 | D:5      | Reached XP level 7. HP: 34/38 MP: 4/12
  5137 | D:5      | Reached skill level 5 in Conjurations
  5378 | D:5      | Offered knowledge of Searing Ray by Vehumet.
  5464 | D:5      | Reached skill level 7 in Air Magic
  5464 | D:5      | Reached XP level 8. HP: 38/45 MP: 6/13
  5564 | D:5      | Learned a level 4 spell: Hailstorm
  5629 | D:6      | Noticed Maggie
  5646 | D:6      | Killed Maggie
  5648 | D:6      | Found a stormy altar of Qazlal.
  5669 | D:6      | Reached skill level 5 in Ranged Weapons
  5700 | D:6      | Noticed Eustachio
  5703 | D:6      | Noticed Menkaure
  5718 | D:6      | Killed Menkaure
  5728 | D:6      | Killed Eustachio
  6116 | D:6      | Reached XP level 9. HP: 50/50 MP: 12/15
  6120 | D:6      | Learned a level 3 spell: Swiftness
  6395 | D:7      | Noticed Dowan
  6396 | D:7      | Noticed Duvessa
  6414 | D:7      | Killed Duvessa
  6417 | D:7      | Killed Dowan
  6417 | D:7      | Reached *** piety under Vehumet
  6790 | D:7      | Reached skill level 8 in Air Magic
  7654 | D:3      | Bought an embroidered robe for 66 gold pieces
  7654 | D:3      | Bought a glowing leather armour for 90 gold pieces
  7742 | D:4      | Killed warriortoast's ghost
  7993 | D:8      | Reached skill level 9 in Air Magic
  7993 | D:8      | Reached XP level 10. HP: 56/56 MP: 14/17
  8025 | D:8      | Offered knowledge of Frozen Ramparts by Vehumet.
  8204 | D:8      | Reached skill level 5 in Ice Magic
  8205 | D:8      | Reached skill level 1 in Armour
  8321 | D:8      | Noticed a gargoyle
  8331 | D:8      | Slain by a troll

Illustrated notes

Levels and vault maps discovered:
D:1:      saegor_arrival_simple_a, layout_basic, ebering_ecumenical_altar_box
D:2:      layout_loops_cross, basic_altar, minmay_heptomino_d4
D:3:      layout_basic, serial_shops, shop, uniq_jessica
D:4:      layout_layer_cave, nicolae_overflow_two_pavilions,
          minmay_temple_entry_offerings, ebering_ghost_sewer_f
D:5:      layout_basic, lightli_sewer_entry_pipes, minmay_misc_feat_tiny
D:6:      layout_basic, mainiacjoe_overflow_concentric_impassable, uniq_maggie,
          uniq_menkaure, uniq_eustachio
D:7:      layout_loops_corners, uniq_duvessa
D:8:      layout_cave_pools, minmay_shattered_shrine

Skill      XL: |  1  2  3  4  5  6  7  8  9 10 |
---------------+-------------------------------+-----
Conjurations   | 2 3 4 5 6 7 8 |  8.0
Air Magic      | 5 6 7 9 |  9.3
Ice Magic      | 1 2 3 4 5 |  5.1
Ranged Weapons | 2 4 6 7 8 |  8.2
Fighting       | 1 2 3 |  3.7
Spellcasting   | 3 4 |  4.7
Armour         | 1 |  1.1
Maces & Flails | |  0.1
Dodging        | |  2.9
Stealth        | |  2.4

Action                   |  1- 3 |  4- 6 |  7- 9 | 10-12 || total
-------------------------+-------+-------+-------+-------++-------
Melee: Dagger            |     2 |     5 |       |       ||     7
       Unarmed           |     1 |       |       |       ||     1
       Kick              |     1 |     2 |       |       ||     3
       Peck              |       |     1 |       |       ||     1
       Whip              |       |     2 |       |       ||     2
 Fire: Sling             |       |   103 |   136 |    27 ||   266
 Cast: Shock             |    62 |    70 |    43 |    11 ||   186
       Static Discharge  |       |    10 |    25 |    11 ||    46
       Freeze            |       |    10 |     3 |       ||    13
       Airstrike         |       |       |     2 |       ||     2
       Hailstorm         |       |       |     5 |       ||     5
  Use: Potion            |       |     2 |     1 |       ||     3
       Scroll            |       |    16 |     2 |       ||    18
Armor: Robe              |     2 |     4 |     4 |       ||    10
       Leather armour    |       |       |     3 |     3 ||     6
Dodge: Dodged            |    10 |    34 |    49 |    13 ||   106
